 Dungeon Crawl Stone Soup version 0.24-a0-474-g47c397e050 (webtiles) character file.

Game seed: 6211393142496894225

246 PgLoLo the Covered (level 5, -1/48 HPs)
             Began as a Minotaur Fighter on July 5, 2019.
             Succumbed to an orc's poison
             ... on level 3 of the Dungeon.
             The game lasted 00:03:51 (1724 turns).

PgLoLo the Covered (Minotaur Fighter)               Turns: 1724, Time: 00:03:52

Health: -1/48      AC:  6    Str: 20 (21) XL:     5   Next: 84%
Magic:  4/4        EV:  7    Int:  4 (5)  God:
Gold:   83         SH:  0    Dex:  7 (10) Spells: 4/4 levels left

rFire    . . .     SeeInvis .   a - +0 war axe
rCold    . . .     Gourm    .   c - +0 shield
rNeg     . . .     Faith    .   b - +0 scale mail
rPois    .         Spirit   .   (helmet restricted)
rElec    .         Reflect  .   (no cloak)
rCorr    .         Harm     .   i - -2 pair of gloves (curse)
MR       .....                  (no boots)
Stlth    ..........             (no amulet)
HPRegen  0.16/turn              (no ring)
MPRegen  0.09/turn              (no ring)

@: confused, lethally poisoned (-1 -> -38)
A: retaliatory headbutt, horns 2
a: no special abilities


You were on level 3 of the Dungeon.
You were not hungry.

You visited 1 branch of the dungeon, and saw 3 of its levels.

You collected 83 gold pieces.

Inventory:

Hand Weapons
 a - a +0 war axe (weapon)
Armour
 b - a +0 scale mail (worn)
 c - a +0 shield (worn)
 i - a cursed -2 pair of gloves (worn)
Jewellery
 p - an uncursed amulet of harm {unknown}
Scrolls
 e - 6 scrolls of identify
 g - 2 scrolls of remove curse {unknown}
 j - 2 scrolls of random uselessness
 m - a scroll of fog {unknown}
 o - a scroll of fear {unknown}
 q - a scroll of magic mapping {unknown}
 r - 4 scrolls of amnesia
Potions
 d - a potion of might
 h - a potion of haste {unknown}
 k - a potion of degeneration
 l - a potion of heal wounds {unknown}
Comestibles
 f - 4 rations
 n - 4 chunks of flesh


   Skills:
 + Level 5.4 Fighting
 + Level 4.6 Axes
 + Level 5.4 Armour
 - Level 3.7 Shields


You had 4 spell levels left.
You didn't know any spells.
Your spell library was empty.

Dungeon Overview and Level Annotations

Branches:
Dungeon (3/15)

Altars:
Yredelemnul
The Shining One


Innate Abilities, Weirdness & Mutations

You reflexively headbutt those who attack you in melee.
You have a pair of horns on your head.


Message History

The orc wizard is almost dead.
* * * LOW HITPOINT WARNING * * *
You feel very sick. The orc misses you. The orc wizard barely misses you.
* * * LOW HITPOINT WARNING * * *
You feel very sick. You block the orc's attack.
The orc wizard points at you and mumbles some strange words.
You are confused.
In your confused state, you trip and fall back down the stairs.
* * * LOW HITPOINT WARNING * * *
x2 You feel sick.
The orc hits you but does no damage.
You are more poisoned.
The orc wizard gestures at you while chanting.
The puff of flame hits you.
* * * LOW HITPOINT WARNING * * *
It was a potion of degeneration.
There was something very wrong with that liquid.
You feel weakened.
You feel dopey.
You feel clumsy.
You die...

§.§.§.#...#......#
._....'...'...._.#
§.§.§.#...#.§.§..# #
### #...########
##.##########
#...........#
#...........#
#...oo).....#
#.....@÷....#
#.#.........#
#.##.###'###########
#....#...###.......#
.######.####........#
.........# #........#
########.###......###
.................+
....####.###.....#


You could see an orc wizard and an orc.

Vanquished Creatures
  An orc priest (D:3)
  Natasha (thrice) (D:2)
  Robin (D:2)
  4 adders
  3 worms
  5 dart slugs
  2 leopard geckos
  6 orcs
  15 goblins
  10 hobgoblins
  A quokka (D:2)
  5 bats
  5 frilled lizards (D:1)
  11 kobolds
  4 rats
76 creatures vanquished.

Notes
Turn   | Place    | Note
-------+----------+-------------------------------------------
     0 | D:1      | PgLoLo the Minotaur Fighter began the quest for the Orb.
     0 | D:1      | Reached XP level 1. HP: 19/19 MP: 0/0
   125 | D:1      | Reached XP level 2. HP: 27/27 MP: 1/1
   628 | D:2      | Reached XP level 3. HP: 33/33 MP: 2/2
  1013 | D:2      | Noticed Robin
  1024 | D:2      | Reached XP level 4. HP: 36/41 MP: 3/3
  1036 | D:2      | Killed Robin
  1132 | D:2      | Noticed Natasha
  1136 | D:2      | Killed Natasha
  1142 | D:2      | Noticed Natasha
  1146 | D:2      | Killed Natasha
  1146 | D:2      | Reached skill level 5 in Armour
  1146 | D:2      | Reached XP level 5. HP: 37/47 MP: 4/4
  1244 | D:2      | Noticed Natasha
  1255 | D:2      | Killed Natasha
  1255 | D:2      | Reached skill level 5 in Fighting
  1597 | D:3      | Found a basalt altar of Yredelemnul.
  1602 | D:3      | Found a glowing golden altar of the Shining One.
  1723 | D:3      | HP: 2/48 [orc wizard/puff of flame (4)]
  1724 | D:3      | Succumbed to an orc's poison

Levels and vault maps discovered:
D:1:      lemuel_arrival_cross, layout_rooms, minmay_misc_feat_room
D:2:      layout_rooms, serial_corexii_hall, corexii_hall_statues_u,
          chequers_hall_statues_wall_a, grunt_decor_fettered, uniq_robin,
          uniq_natasha
D:3:      layout_basic, grunt_temple_overflow_holy_war, portal_sewer_entry_d,
          first_ration

Skill      XL: |  1  2  3  4  5 |
---------------+----------------+-----
Armour         | 4 5 |  5.4
Fighting       | 4 5 |  5.4
Axes           | 3 4 |  4.6
Shields        | |  3.7

Action                   |  1- 3 |  4- 6 || total
-------------------------+-------+-------++-------
Melee: War axe           |    94 |    77 ||   171
       Headbutt          |    10 |    14 ||    24
  Use: Scroll            |       |     2 ||     2
       Potion            |       |     1 ||     1
  Eat: Chunk             |       |     3 ||     3
Armor: Scale mail        |    39 |    27 ||    66
Dodge: Dodged            |    29 |    19 ||    48
Block: Shield            |    42 |    53 ||    95

Table legend:
 A = Non-vault XP
 B = Vault XP
 C = Vault XP percentage of total XP
 D = Non-vault monster count
 E = Vault monster count
 F = Vault count percentage of total count
                 A         B        C        D         E       F
            +---------+---------+-------+---------+---------+-------
      Total |     281 |      71 |  20.2 |      63 |      13 |  17.1
            +---------+---------+-------+---------+---------+-------
        D:1 |      40 |       0 |   0.0 |      24 |       0 |   0.0
        D:2 |     142 |      71 |  33.3 |      25 |      13 |  34.2
        D:3 |      99 |       0 |   0.0 |      14 |       0 |   0.0
            +---------+---------+-------+---------+---------+-------
